 Dungeon Crawl Stone Soup version 0.29-a0-284-gf9362112df (webtiles) character file.

Game seed: 15876410981785956120

179 avis the Ruffian (level 5, -4/41 HPs)
             Began as a Hill Orc Transmuter on Mar 20, 2022.
             Was an Initiate of Beogh.
             Killed by divine providence
             ... invoked by an orc priest
              (14 damage)
             ... on level 3 of the Dungeon.
             The game lasted 00:13:11 (3512 turns).

avis the Ruffian (Hill Orc Transmuter)              Turns: 3512, Time: 00:13:13

Health: -4/41      AC:  3    Str: 13    XL:     5   Next: 59%
Magic:  17/17      EV: 11    Int: 15    God:    Beogh [......]
Gold:   87         SH:  0    Dex: 11    Spells: 4/8 levels left

rFire   . . .      SeeInvis .   a - +1 short sword (speed)
rCold   . . .      Faith    .   (no shield)
rNeg    . . .      Spirit   .   f - +0 leather armour
rPois   .          Reflect  .   (no helmet)
rElec   .          Harm     .   (no cloak)
rCorr   .          Rampage  .   (no gloves)
Will    .....                   (no boots)
Stlth   +.........              (no amulet)
HPRegen 0.13/turn               c - ring of flight
MPRegen 0.15/turn               d - ring of magical power

@: flying
A: no striking features
a: Renounce Religion


You were on level 3 of the Dungeon.
You worshipped Beogh.
Beogh was noncommittal.
You visited 1 branch of the dungeon, and saw 3 of its levels.

You collected 87 gold pieces.

Inventory:

Hand Weapons
 a - a +1 short sword of speed (weapon)
 k - a +0 short sword of protection
 n - a +0 hunting sling
Missiles
 g - 8 poisoned darts
 h - 65 stones
Armour
 f - a +0 leather armour (worn)
 i - a +0 robe
Jewellery
 c - a ring of flight (left hand)
 d - a ring of magical power (right hand)
Wands
 r - a wand of polymorph (10)
Scrolls
 m - a scroll of identify {unknown}
 o - a scroll of fear {unknown}
 q - a scroll of teleportation {unknown}
Potions
 b - a potion of lignification
 e - a potion of brilliance {unknown}
 j - a potion of might {unknown}
 l - a potion of heal wounds {unknown}
 p - a potion of cancellation {unknown}


   Skills:
 - Level 2.0 Fighting
 - Level 1.5 Dodging
 * Level 5.9 Unarmed Combat
 - Level 2.0 Spellcasting
 - Level 2.0 Transmutations


You had 4 spell levels left.
You knew the following spells:

 Your Spells              Type           Power      Damage    Failure   Level
a - Beastly Appendage     Tmut           14%        N/A       12%         1
p - Spider Form           Tmut/Pois      4%         N/A       50%         3

Your spell library contained the following spells:

 Spells                   Type           Power      Damage    Failure   Level
 Wereblood                Tmut           7%         N/A       19%         2
 Ice Form                 Ice/Tmut       4%         N/A       88%         4


Dungeon Overview and Level Annotations

Branches:
Dungeon (3/15)

Altars:


Message History

The hound is moderately wounded.
The hound bites you but does no damage.
Your magical contamination has completely faded away.
You hit the hound. Your kick misses the hound.
The hound is heavily wounded.
The hound barely misses you.
You completely miss the hound.
The hound is heavily wounded.
The hound bites you.
You hit the hound. Your kick misses the hound.
The hound is severely wounded.
The hound bites you.
You barely miss the hound.
The hound is severely wounded.
The hound bites you.
You closely miss the hound.
The hound is severely wounded.
The hound closely misses you.
You hit the hound. You claw the hound.
You kill the hound!
Beogh accepts your kill.
You hit the hobgoblin.
The hobgoblin is moderately wounded.
The orc priest calls down the wrath of Beogh upon you.
Beogh smites you!
* * * LOW HITPOINT WARNING * * *
The hobgoblin hits you but does no damage.
You closely miss the hobgoblin. Your headbutt misses the hobgoblin.
The hobgoblin is moderately wounded.
You barely miss the hobgoblin. Your headbutt misses the hobgoblin.
The hobgoblin is moderately wounded.
The hobgoblin misses you.
You barely miss the hobgoblin. You claw the hobgoblin.
You kill the hobgoblin!
Beogh accepts your kill.
Your horns disappear.
Your talons disappear.
The orc priest mumbles some strange prayers to Beogh against you.
Beogh smites you!
You die...
Beogh appreciates the orc priest's killing of a heretic priest.

.#.......... #.................
##......... #..............#.#
##..........##................#
###.........................###
..........####..............#
#####...# ##..............#
##.........>##.# ###
#.#######.## .)# #@##.. .# #.#
#.#.. .. #K#.# #.. #o#.# #
#...# ##.)## ##.).# #....#
#$...###


You could see an orc priest and a kobold.

Vanquished Creatures
  An ogre (D:3)
  A hound (D:3)
  2 adders (D:2)
  2 worms (D:2)
  A dart slug (D:1)
  8 bats
  2 endoplasms (D:1)
  3 giant cockroaches
  3 goblins (D:1)
  6 hobgoblins
  4 quokkas
  4 ball pythons
  5 frilled lizards
  4 kobolds
  5 rats
51 creatures vanquished.

Vanquished Creatures (others)
  2 orcs (D:3)
2 creatures vanquished.

Grand Total: 53 creatures vanquished

Notes
Turn   | Place    | Note
-------+----------+-------------------------------------------
     0 | D:1      | avis the Hill Orc Transmuter began the quest for the Orb.
     0 | D:1      | Reached XP level 1. HP: 16/16 MP: 3/3
   422 | D:1      | Reached XP level 2. HP: 6/24 MP: 4/4
   945 | D:1      | Reached skill level 4 in Unarmed Combat
  1229 | D:1      | Reached XP level 3. HP: 21/29 MP: 5/5
  1314 | D:1      | Learned a level 3 spell: Spider Form
  1621 | D:2      | Found a faded altar of an unknown god.
  2401 | D:2      | Reached XP level 4. HP: 36/36 MP: 6/6
  3251 | D:3      | Noticed an ogre
  3397 | D:3      | Killed an ogre
  3398 | D:3      | Reached skill level 5 in Unarmed Combat
  3398 | D:3      | Reached XP level 5. HP: 41/41 MP: 8/8
  3482 | D:3      | Became a worshipper of Beogh the Brigand
  3512 | D:3      | Killed from afar by an orc priest

Illustrated notes

Levels and vault maps discovered:
D:1:      nicolae_arrival_somewhat_less_tricky_arrival, layout_basic,
          patterned_corridor
D:2:      layout_loops_ring, hellmonk_ecumenical_altar_run_dry
D:3:      layout_rooms

Skill      XL: |  1  2  3  4 |
---------------+-------------+-----
Fighting       | 2 |  2.0
Unarmed Combat | 4 5 |  5.9
Transmutations | 2 |  2.0
Spellcasting   | 2 |  2.0
Dodging        | |  1.5

Action                   |  1- 3 |  4- 6 || total
-------------------------+-------+-------++-------
Melee: Unarmed           |    54 |     4 ||    58
       Short sword       |   101 |    85 ||   186
       Kick              |     2 |     3 ||     5
       Punch             |     2 |       ||     2
       Headbutt          |       |     1 ||     1
 Cast: Beastly Appendage |     2 |     3 ||     5
       Spider Form       |       |     1 ||     1
Invok: Convert to Beogh  |       |     1 ||     1
 Stab: Sleeping          |     2 |       ||     2
Armor: Leather armour    |    53 |    21 ||    74
       Robe              |     1 |       ||     1
Dodge: Dodged            |   101 |    46 ||   147

Table legend: (Time is in decaauts)
 A = Elapsed time spent in this place.
 B = Non-inter-level travel time spent in this place.
 C = Inter-level travel time spent in this place.
 D = Time resting spent in this place.
 E = Time spent auto-exploring this place.
 F = Levels seen in this place.
 G = Mean time per level.
                   A        B        C        D        E       F      G
               +--------+--------+--------+--------+--------+-----+--------+
         Total |   3460 |   3286 |    174 |   1544 |   1098 |   3 | 1153.3 |
       Dungeon |   3460 |   3286 |    174 |   1544 |   1098 |   3 | 1153.3 |
               +--------+--------+--------+--------+--------+-----+--------+

Top non-repeatable levels by time:
     D:1: 1611 daAuts
     D:2: 1532 daAuts
     D:3: 316 daAuts
